AoeStats
← Memory

Fortress

510059173Analyzed
4v4 RM · 4d ago on Sep 29, 2026· 30m 23s· 8 players
Game mode
Random Map
Map size
Huge
Population
200
Speed
Normal
Resources
Standard
Victory
Conquest
Starting age
Dark Age
Ending age
Imperial Age
RankedLock teamsTeams togetherTeam positionsShared explorationLock speedFull tech treeHidden civsTurbo modeCheats
Victory
Defeat
🇭🇰 Turks · Hong Kong SAR China
919
+18
🇨🇳 Burmese · China
876
+20
🇨🇳 Italians · China
871
+21
🇵🇰 Huns · Pakistan
1024
-19
🇵🇰 Bohemians · Pakistan
1013
-19
🇵🇬 Goths · Papua New Guinea
952
-16
🇵🇰 Lithuanians · Pakistan
915
-15
小笼包的诺姆
7:35 Feudal Age
12:18 Castle Age
11:16 Gold Mining
11:13 Double-Bit Axe
11:42 Horse Collar
16:05 Wheelbarrow
16:20 Bow Saw
17:38 Heavy Plow
19:15 Hand Cart
18:49 Loom
19:41 Stone Mining
26:02 Imperial Age
23:29 Fletching
23:40 Padded Archer Armor
24:12 Bodkin Arrow
27:13 Bracer
27:29 Leather Archer Armor
30:16 Conscription
Shin Kawashima
5:33 Loom
7:44 Feudal Age
8:12 Horse Collar
13:38 Castle Age
12:08 Gold Mining
12:27 Double-Bit Axe
20:48 Imperial Age
18:21 Heavy Plow
19:28 Bow Saw
19:25 Padded Archer Armor
21:15 Leather Archer Armor
22:58 Ring Archer Armor
27:36 Husbandry
27:48 Bloodlines
27:48 Scale Barding Armor
27:54 Forging
28:37 Wheelbarrow
美少女王兔
7:36 Feudal Age
11:39 Castle Age
10:33 Horse Collar
19:20 Wheelbarrow
19:14 Gold Mining
24:06 Imperial Age
23:26 Scale Barding Armor
23:31 Forging
23:25 Scale Mail Armor
23:41 Forging
23:34 Gambesons
23:50 Squires
23:12 Man-at-Arms
24:19 Hand Cart
24:09 Heavy Plow
24:21 Manipur Cavalry
24:58 Loom
26:04 Conscription
25:50 Howdah
25:27 Long Swordsman
26:44 Chain Mail Armor
27:14 Bloodlines
27:05 Husbandry
26:36 Two-Handed Swordsman
28:42 Champion
30:59 Gold Shaft Mining
我想给自己改个简单又不重复的名字
10:15 Feudal Age
11:09 Double-Bit Axe
11:05 Horse Collar
11:52 Gold Mining
11:54 Stone Mining
14:05 Castle Age
17:17 Imperial Age
14:43 Loom
18:02 Wheelbarrow
17:59 Coinage
19:29 Stone Shaft Mining
20:00 Banking
29:07 Block Printing
29:22 Treadmill Crane
29:55 Fervor
Memory
8:59 Feudal Age
12:39 Castle Age
10:28 Double-Bit Axe
10:24 Horse Collar
11:28 Gold Mining
12:04 Scale Barding Armor
12:11 Forging
12:55 Bloodlines
13:53 Chain Barding Armor
15:44 Iron Casting
16:41 Husbandry
32:10 Imperial Age
29:26 Loom
29:52 Marauders
Naughty Grandpa
7:18 Feudal Age
10:39 Wheelbarrow
10:13 Double-Bit Axe
11:46 Gold Mining
15:11 Horse Collar
15:56 Stone Mining
18:09 Castle Age
19:08 Fletching
19:18 Padded Archer Armor
19:30 Forging
19:20 Scale Mail Armor
19:26 Scale Barding Armor
20:27 Hand Cart
21:16 Stone Shaft Mining
23:19 Heavy Plow
22:59 Elite Skirmisher
24:55 Leather Archer Armor
24:36 Bodkin Arrow
Just_jawad
0:28 Loom
8:17 Feudal Age
10:17 Horse Collar
10:23 Double-Bit Axe
13:01 Castle Age
12:10 Fletching
13:52 Bow Saw
14:00 Heavy Plow
31:57 Imperial Age
Tedex
8:54 Feudal Age
10:13 Man-at-Arms
14:02 Castle Age
12:53 Forging
12:43 Scale Mail Armor
14:53 Long Swordsman
14:55 Pikeman
15:37 Squires
17:40 Double-Bit Axe
17:40 Horse Collar
21:59 Anarchy
22:20 Town Watch
23:12 Wheelbarrow
Connection lost

Rejoining the realm…

Still unreachable

The connection could not be restored.

Session expired

The server has moved on; the page needs a fresh start.